Map: Triton LE

Players

DRG

  • Race: Zerg Zerg
  • League: Master
  • Spawn Location: 5:00

soO - Winner!

  • Race: Zerg Zerg
  • Spawn Location: 11:00

VOD

Have the link to the VOD?

Description

Time

  • Played on: Jan. 9, 2020, 4:11 a.m.
  • Length: 7:40
Show
View Real Time Build Order
Export as new Build Order

DRG Zerg 

Build Orders: Hatch First 

Get SALT Encoding   

  12  0:00  Drone  
  13  0:12  Overlord  
  13  0:16  Drone  
  14  0:30  Drone x2  
  16  0:48  Hatchery  
  15  0:51  Drone  
  15  0:54  Drone  
  17  0:58  Drone  
  18  1:07  Extractor  
  17  1:13  Spawning Pool  
  17  1:16  Drone  
  17  1:19  Drone  
  18  1:27  Drone  
  19  1:38  Drone  
  20  1:49  Drone  
  21  2:00  Queen x2  
  21  2:01  Overlord  
  25  2:02  Drone  
  25  2:08  Metabolic Boost  
  26  2:10  Drone  
  26  2:11  Drone  
  28  2:21  Drone x2  
  30  2:33  Hatchery  
  30  2:35  Drone  
  30  2:36  Drone  
  31  2:42  Queen  
  33  2:47  Overlord  
  33  2:50  Drone  
  34  2:55  Baneling Nest  
  33  2:59  Drone x2  
  33  3:04  Drone  
  36  3:05  Drone  
  36  3:10  Zergling x6  
  40  3:14  Drone x2  
  40  3:16  Drone  
  43  3:22  Overlord  
  43  3:27  Zergling x2  
  44  3:32  Evolution Chamber  
  44  3:34  Drone  
  44  3:40  Baneling  
  44  3:41  Drone x2  
  44  3:42  Drone x3  
  49  3:56  Zergling x4, Drone  
  49  3:57  Drone x3  
  49  4:00  Zerg Missile Weapons Level 1  
  49  4:01  Extractor  
  49  4:02  Extractor  
  52  4:03  Drone x2  
  52  4:05  Baneling  
  52  4:08  Drone  
  55  4:13  Roach Warren  
  55  4:14  Lair  
  55  4:16  Drone x3  
  57  4:24  Overlord  
  57  4:25  Overlord  
  57  4:27  Overlord  
  57  4:30  Overlord  
  56  4:33  Overlord  
  56  4:40  Zergling x2  
  56  4:44  Zergling x4  
  56  4:45  Drone x2  
  61  4:48  Drone x4  
  61  4:50  Drone x2  
  61  4:51  Drone  
  68  4:54  Queen  
  68  4:57  Zergling x4  
  69  5:03  Drone x6  
  72  5:08  Zergling x2  
  72  5:10  Overlord  
  72  5:11  Extractor  
  71  5:15  Nydus Network  
  71  5:17  Glial Reconstitution  
  71  5:19  Roach x2  
  74  5:22  Roach  
  74  5:24  Roach x2  
  80  5:30  Queen  
  80  5:33  Queen  
  80  5:34  Queen  
  86  5:38  Overlord  
  86  5:41  Overlord  
  86  5:43  Overlord  
  86  5:45  Roach x2  
  86  5:49  Roach  
  94  5:50  Roach  
  94  5:52  Nydus Canal  
  94  5:55  Roach  
  94  5:56  Roach x3  
  102  6:02  Roach x2  
  104  6:05  Ravager  
  104  6:06  Queen  
  96  6:21  Roach x6  
  101  6:26  Roach x2  
  97  6:33  Roach x3  
  96  6:42  Nydus Canal  
  96  6:46  Roach x3  
  91  6:48  Roach  
  91  6:50  Roach  
  91  6:53  Roach  
  84  7:01  Roach  
  86  7:05  Spore Crawler  
  83  7:09  Roach x2  
  83  7:10  Roach x2  
  83  7:14  Spore Crawler  
  86  7:15  Spore Crawler  
  86  7:16  Roach  
  86  7:20  Roach x3  
  85  7:24  Spore Crawler  
  85  7:28  Ravager  
Show
View Real Time Build Order
Export as new Build Order

soO Zerg - Winner!

Build Orders: Hatch First 

Get SALT Encoding   

  12  0:00  Drone  
  13  0:12  Overlord  
  13  0:17  Drone  
  14  0:30  Drone x2  
  16  0:48  Hatchery  
  15  0:52  Drone  
  15  0:55  Drone  
  17  0:58  Drone  
  18  1:09  Extractor  
  17  1:14  Spawning Pool  
  17  1:16  Drone  
  17  1:20  Drone  
  18  1:28  Drone  
  19  1:39  Drone  
  20  1:50  Overlord  
  20  2:00  Queen x2  
  20  2:01  Drone x2  
  26  2:10  Drone  
  26  2:11  Drone  
  26  2:12  Metabolic Boost  
  28  2:21  Drone x2  
  30  2:32  Hatchery  
  29  2:39  Drone  
  29  2:41  Queen  
  32  2:45  Drone  
  32  2:48  Overlord  
  33  2:55  Drone  
  33  2:56  Baneling Nest  
  33  2:58  Drone  
  33  3:04  Drone  
  35  3:07  Drone  
  35  3:09  Overlord  
  35  3:11  Drone x2  
  38  3:15  Zergling x4  
  38  3:18  Zergling x2  
  41  3:21  Drone  
  41  3:25  Drone  
  43  3:32  Drone x3  
  46  3:34  Extractor  
  46  3:41  Lair, Drone  
  46  3:42  Drone  
  46  3:44  Zergling x2  
  46  3:46  Drone  
  46  3:47  Drone  
  50  3:49  Drone  
  50  3:53  Zergling x2  
  50  3:55  Zergling x2  
  52  3:56  Drone  
  52  3:59  Baneling  
  52  4:00  Overlord  
  53  4:03  Drone  
  53  4:04  Drone  
  53  4:05  Drone  
  53  4:08  Extractor  
  53  4:09  Extractor, Drone  
  55  4:11  Evolution Chamber  
  55  4:12  Drone x2  
  55  4:14  Drone  
  55  4:16  Overlord  
  57  4:22  Drone x2  
  57  4:23  Drone  
  60  4:28  Drone  
  60  4:29  Overlord  
  61  4:33  Zergling x4  
  61  4:36  Drone x3  
  66  4:41  Drone, Zerg Melee Weapons Level 1  
  66  4:42  Spire  
  66  4:46  Extractor  
  66  4:48  Drone x2  
  66  4:49  Drone  
  66  4:51  Zergling x2  
  66  4:52  Drone  
  69  4:53  Drone x2  
  69  4:55  Drone  
  72  5:02  Drone x2  
  72  5:03  Zergling x2  
  72  5:05  Zergling x2, Extractor  
  72  5:07  Zergling x4  
  75  5:12  Zergling x2  
  75  5:13  Baneling x2  
  74  5:14  Overlord  
  74  5:17  Zergling x2  
  74  5:20  Zergling x6  
  78  5:22  Zergling x4  
  78  5:23  Zergling x2  
  78  5:27  Overlord  
  81  5:29  Overlord  
  81  5:34  Zergling x2  
  77  5:36  Overlord  
  77  5:48  Drone  
  78  5:50  Drone  
  78  5:52  Overlord  
  78  5:53  Mutalisk x7  
  93  6:00  Mutalisk x2  
  97  6:05  Zergling x4  
  97  6:07  Zergling x4  
  99  6:13  Spine Crawler, Mutalisk x2  
  99  6:15  Zergling x2  
  99  6:16  Zergling x2  
  99  6:17  Zergling x2  
  99  6:18  Zergling x2  
  103  6:19  Zergling x6  
  103  6:22  Zergling x2  
  103  6:25  Mutalisk  
  98  6:27  Mutalisk  
  98  6:32  Zergling x2  
  92  6:34  Zergling x4  
  92  6:37  Mutalisk  
  95  6:41  Zergling x2  
  95  6:42  Mutalisk  
  95  6:43  Zergling x4  
  95  6:46  Zergling x2  
  96  6:47  Zergling x2  
  96  6:49  Mutalisk  
  96  6:52  Zergling x2  
  96  6:58  Zergling x2  
  96  6:59  Mutalisk  
  96  7:00  Zergling x2  
  99  7:09  Zergling x2  
  99  7:15  Zergling x8  
Tags
 
Add a new tag
Caveats
  • Supply blocks, unpowered buildings, or Contaminate may cause inaccurate times.
  • Supply counts are checked every 10 seconds.